 Dungeon Crawl Stone Soup version 0.18-a0-1164-g7046a04 (webtiles) character file.

138 ololoev the Magician (level 5, -6/28 HPs)
             Began as a Deep Elf Fire Elementalist on Jan 25, 2016.
             Mangled by an ogre
             ... wielding a +0 giant spiked club
              (25 damage)
             ... on level 6 of the Dungeon.
             The game lasted 00:05:00 (414 turns).

ololoev the Magician (Deep Elf Fire Elementalist)    Turns: 414, Time: 00:05:00

Health: -6/28      AC:  2    Str:  5    XL:     5   Next: 1%
Magic:  8/13       EV: 13    Int: 21    God:
Gold:   29         SH:  0    Dex: 15    Spells: 1 memorised, 11 levels left

rFire  . . .     SeeInvis .     h - +0 dagger
rCold  . . .     Gourm    .     a - +0 robe
rNeg   . . .     Faith    .     (no shield)
rPois  .         Spirit   .     (no helmet)
rElec  .         Dismiss  .     (no cloak)
rCorr  .         Reflect  .     (no gloves)
SustAt .         Harm     .     (no boots)
MR     .....                    (no amulet)
Stlth  ++........               (no ring)
                                g - ring of wizardry

@: not resistant to hostile enchantments, unstealthy
A: no striking features
a: no special abilities

Inventory:

Hand Weapons
 h - a +0 dagger (weapon)
Armour
 a - a +0 robe (worn)
Jewellery
 g - a ring of wizardry (left hand)
Wands
 n - a wand of cold (5/15)
 o - a wand of frost (21/48)
Scrolls
 d - 3 scrolls of immolation {unknown}
 e - 2 scrolls of identify {unknown}
 p - a scroll of magic mapping {unknown}
Potions
 i - a potion of flight {unknown}
 j - 2 potions of invisibility {unknown}
 k - 2 potions of resistance {unknown}
 l - a potion of brilliance {unknown}
Books
 b - a book of Flames

   Spells                             Type                      Level
   a - Flame Tongue                   Conjuration/Fire             1
   b - Throw Flame                    Conjuration/Fire             2
   c - Conjure Flame                  Conjuration/Fire             3
   d - Inner Flame                    Hexes/Fire                   3
   e - Sticky Flame                   Conjuration/Fire             4
   f - Fireball                       Conjuration/Fire             5
Comestibles
 c - 2 bread rations
 f - a beef jerky
 m - 2 chunks of flesh


   Skills:
 - Level 2.4 Dodging
 - Level 2.4 Stealth
 + Level 4.3 Spellcasting
 * Level 3.8 Conjurations
 * Level 4.1 Fire Magic


You had 11 spell levels left.
You knew the following spells:

 Your Spells              Type           Power        Failure   Level  Hunger
a - Flame Tongue          Conj/Fire      ###..        1%          1    None


You were on level 6 of the Dungeon.
You were not hungry.

You visited 1 branch of the dungeon, and saw 6 of its levels.

You collected 29 gold pieces.

#####
...#
..<.
...#
#..#
#..#
#O!#
#@.#
##.#
.# ##

Notes
Turn   | Place    | Note
--------------------------------------------------------------
     0 | D:1      | ololoev the Deep Elf Fire Elementalist began the quest for the Orb.
     0 | D:1      | Reached XP level 1. HP: 10/10 MP: 6/6
   104 | D:1      | Reached XP level 2. HP: 15/15 MP: 4/8
   274 | D:3      | Found a radiant altar of Vehumet.
   361 | D:5      | Entered Level 5 of the Dungeon
   389 | D:5      | Reached XP level 3. HP: 12/19 MP: 5/10
   390 | D:5      | Noticed an ogre
   396 | D:5      | Killed an ogre
   396 | D:5      | Reached skill level 4 in Spellcasting
   396 | D:5      | Reached XP level 4. HP: 15/24 MP: 6/12
   396 | D:5      | Reached XP level 5. HP: 17/28 MP: 6/13
   413 | D:6      | Noticed an ogre
   414 | D:6      | Mangled by an ogre

Dungeon Overview and Level Annotations

Branches:
Dungeon (6/15)
 Temple: D:4-7

Altars:
Vehumet


Message History

Evoke which item? (* to show all) (? for menu, Esc to quit)
Zapping:
n - a wand of cold (will waste charges)
Press: ? - help, Shift-Dir - straight line, f - ogre
Aim: an ogre, wielding a giant spiked club The bolt of cold hits the ogre.
The ogre is severely wounded.
Evoking this partially-identified wand wasted a few charges.
Casting: Flame Tongue
Confirm with . or Enter, or press ? or * to list all spells.
You can't see any susceptible monsters within range! (Use Z to cast anyway.) Unknown command.
Casting: Flame Tongue
Confirm with . or Enter, or press ? or * to list all spells.
Aiming: Flame Tongue
Press: ? - help, Shift-Dir - straight line, f/p - ogre
Aim: an ogre, wielding a giant spiked club (severely wounded)
The flame tongue hits the ogre.
You kill the ogre!
Your Spellcasting skill increases to level 4!
Your Conjurations skill increases to level 3!
Your Fire Magic skill increases to level 4!
You have reached level 4!
You feel clever.
You have reached level 5!
Found a stone staircase leading down.
You now have 16 gold pieces (gained 3).
You see here a giant spiked club.
You now have 29 gold pieces (gained 13).
Found 5 sling bullets of frost.
There is a stone staircase leading down here.
You climb downwards.
An ogre comes into view. It is wielding a giant spiked club.
Found a blue potion.
Found an escape hatch in the ceiling.
There is a stone staircase leading up here.
The helpless ogre fails to defend itself.
You puncture the ogre!
The ogre is moderately wounded.
The ogre hits you with a giant spiked club!!
Ouch! That really hurt!
You die...

You could see an ogre.

Vanquished Creatures
  An ogre (D:5)
  A hound (D:5)
  2 giant cockroaches
  4 goblins
  3 hobgoblins
  5 bats
  A giant newt (D:1)
  4 kobolds
  4 rats
25 creatures vanquished.

Action                   |  1- 3 |  4- 6 || total
-------------------------+-------+-------++-------
Melee: Dagger            |    23 |     1 ||    24
 Cast: Flame Tongue      |    28 |     1 ||    29
Evoke: Wand              |     1 |       ||     1
 Stab: Sleeping          |     3 |     1 ||     4
       Distracted        |     1 |       ||     1

Vault maps used:
D:1:      minmay_arrival_diagonal_passages
D:2:      lemuel_blue_sif_altar, uniq_natasha, uniq_crazy_yiuf_cottage
D:3:      wad_lake_hut, nicolae_overflow_hidden_temple, vehumet_altar_wand_db
D:4:      first_bread
D:5:      nicolae_qazlal_style_of_elements, grunt_decor_arrowhead
D:6:      kennysheep_kobold_camp, grunt_temple_overflow_cloverleaf
